 Dungeon Crawl Stone Soup version 0.21-a0-531-gacddea6 (webtiles) character file.

666 teukkam the Fighter (level 7, -4/63 HPs)
             Began as a Gnoll Wanderer on Dec 13, 2017.
             Was an Initiate of Ru.
             Slain by a centaur zombie (5 damage)
             ... in an ossuary.
             The game lasted 00:16:52 (3320 turns).

teukkam the Fighter (Gnoll Wanderer)                Turns: 3320, Time: 00:16:53

Health: -4/63      AC:  6    Str: 20    XL:     7   Next: 57%
Magic:  10/10      EV: 11    Int: 13    God:    Ru [......]
Gold:   164        SH:  0    Dex: 17    Spells: 11/11 levels left

rFire    . . .     SeeInvis .   v - +0 trident
rCold    . . .     Gourm    .   (no shield)
rNeg     . . .     Faith    .   m - +0 scale mail
rPois    +         Spirit   .   (no helmet)
rElec    .         Reflect  .   (no cloak)
rCorr    .         Harm     .   (no gloves)
MR       +....                  (no boots)
Stlth    +.........             (no amulet)
HPRegen  0.20/turn              o - ring of poison resistance
MPRegen  0.12/turn              r - ring of protection from magic

@: mighty
A: distributed training, fangs 1, strong nose
a: Renounce Religion


You were in an ossuary.
You worshipped Ru.
Ru was noncommittal.
You were not hungry.

You visited 2 branches of the dungeon, and saw 6 of its levels.
You also visited: Ossuary.

You collected 164 gold pieces.

Inventory:

Hand Weapons
 a - a +2 shortbow
 b - a +2 short sword of draining
 n - a +0 blowgun
 v - a +0 trident (weapon)
Missiles
 g - 34 arrows
 j - 37 poisoned needles
 l - 124 stones (quivered)
Armour
 m - a +0 scale mail (worn)
Jewellery
 o - a ring of poison resistance (left hand)
 r - a ring of protection from magic (right hand)
 u - an uncursed ring of magical power
Wands
 t - a wand of flame (16)
Scrolls
 c - 2 scrolls of remove curse
 d - 5 scrolls of teleportation
 e - 3 scrolls of identify
 h - a scroll of enchant weapon
 i - a scroll of magic mapping
 q - a scroll of blinking {unknown}
 s - a scroll of enchant armour {unknown}
Comestibles
 f - 3 bread rations
 x - 3 fruits


   Skills:
 + Level 8.9 Fighting
 + Level 2.5 Short Blades
 + Level 2.5 Long Blades
 + Level 2.5 Axes
 + Level 2.5 Maces & Flails
 + Level 2.5 Polearms
 + Level 2.5 Staves
 + Level 2.5 Slings
 + Level 7.0 Bows
 + Level 2.5 Crossbows
 + Level 2.5 Throwing
 + Level 3.6 Armour
 + Level 2.5 Dodging
 + Level 3.5 Stealth
 + Level 2.5 Shields
 + Level 2.5 Unarmed Combat
 + Level 2.5 Spellcasting
 + Level 2.0 Conjurations
 + Level 2.0 Hexes
 + Level 2.0 Charms
 + Level 2.0 Summonings
 + Level 2.0 Necromancy
 + Level 2.0 Translocations
 + Level 2.0 Transmutations
 + Level 2.0 Fire Magic
 + Level 2.0 Ice Magic
 + Level 2.0 Air Magic
 + Level 2.0 Earth Magic
 + Level 2.0 Poison Magic
 + Level 2.8 Invocations
 + Level 3.6 Evocations


You had 11 spell levels left.
You didn't know any spells.

Dungeon Overview and Level Annotations

Branches:
Dungeon (5/15)             Temple (1/1) D:4

Altars:
Cheibriados
Qazlal
Ru
Vehumet

Annotations:
D:2 Robin


Innate Abilities, Weirdness & Mutations

Your experience applies equally to all skills.
You have very sharp teeth.
Your uncanny sense of smell can sniff out nearby items.


Message History

* * * LOW HITPOINT WARNING * * *
As you read the scroll labeled NAEMOUVURUK, it crumbles to dust.
You feel blessed for a moment.
It was a scroll of remove curse.
The centaur zombie hits you but does no damage.
The centaur zombie closely misses you.
There is a gate leading back out of this place here.
There is an empty arch of ancient stone here.
The centaur zombie barely misses you. The centaur zombie hits you.
* * * LOW HITPOINT WARNING * * *
You puncture the centaur zombie!
You destroy the centaur zombie!
The centaur zombie hits you.
* * * LOW HITPOINT WARNING * * *
As you read the scroll labeled UCA ETZESHOBU, it crumbles to dust.
You feel aware of your surroundings.
It was a scroll of magic mapping.
The centaur zombie hits you.
* * * LOW HITPOINT WARNING * * *
The centaur zombie hits you.
You die...

..#,∆∆∆#..#,,,,#...#
.Z#,*∆∆#..#,,*,#...#
.M#.####..####.#...#
.Z#.Z..ZZMZ....#...#
..#.####Z.Z....#...#
..#,*,,#ZM.....#...#
M.#,,,,#.......#...#
.Z#****#.∩.....#...#
.Z#,,,,....'####@..#
..#,***#...#,,,#Z..#
..#,,,∆*...#,,,#Z..#
Z.##############...#
..M....Z..Z.Z..Z...#
..M.....∩ZZ.Z..Z...#
####################


You could see a kobold zombie, a big kobold zombie, a centaur zombie and a human
zombie.

Vanquished Creatures
  Menkaure (D:5)
  An elf zombie (D:5)
  2 elf skeletons (D:5)
  A bullfrog zombie (D:5)
  A crimson imp (D:5)
  A centaur zombie (Ossuary)
  A hound (D:4)
  A bullfrog skeleton (D:5)
  An iguana (D:4)
  A worker ant (D:5)
  A gnoll (D:1)
  2 adders (D:3)
  A shadow imp (D:5)
  An adder zombie (Ossuary)
  An adder skeleton (D:4)
  2 worms
  A dart slug (D:1)
  3 leopard geckos (D:3)
  5 orcs (D:3)
  3 ball pythons (D:1)
  7 bats
  5 giant cockroaches
  6 goblins
  6 hobgoblins
  3 jackals (D:3)
  8 kobolds
  A quokka (D:3)
  5 frilled lizards
  2 goblin zombies (Ossuary)
  11 hobgoblin zombies (Ossuary)
  2 jackal zombies (Ossuary)
  6 kobold zombies (Ossuary)
  2 orc skeletons (D:5)
  8 orc zombies
  7 rats (D:1)
110 creatures vanquished.

Notes
Turn   | Place    | Note
-------+----------+-------------------------------------------
     0 | D:1      | teukkam the Gnoll Wanderer began the quest for the Orb.
     0 | D:1      | teukkam set off with: a +2 shortbow, 27 arrows, a +0 ring mail, a scroll of teleportation, a bread ration
     0 | D:1      | Reached XP level 1. HP: 26/26 MP: 2/2
    73 | D:1      | Reached XP level 2. HP: 26/33 MP: 3/3
   432 | D:1      | Reached XP level 3. HP: 36/38 MP: 4/4
   965 | D:1      | Reached skill level 1 in Invocations
  1117 | D:2      | Noticed Robin
  1277 | D:3      | Reached skill level 1 in Short Blades
  1277 | D:3      | Reached skill level 1 in Long Blades
  1277 | D:3      | Reached skill level 1 in Axes
  1277 | D:3      | Reached skill level 1 in Maces & Flails
  1277 | D:3      | Reached skill level 1 in Polearms
  1277 | D:3      | Reached skill level 1 in Staves
  1277 | D:3      | Reached skill level 1 in Slings
  1277 | D:3      | Reached skill level 1 in Crossbows
  1277 | D:3      | Reached skill level 1 in Throwing
  1277 | D:3      | Reached skill level 1 in Dodging
  1277 | D:3      | Reached skill level 1 in Shields
  1277 | D:3      | Reached skill level 1 in Unarmed Combat
  1277 | D:3      | Reached skill level 1 in Spellcasting
  1292 | D:3      | Reached XP level 4. HP: 45/45 MP: 6/6
  1428 | D:3      | Reached skill level 1 in Conjurations
  1428 | D:3      | Reached skill level 1 in Hexes
  1428 | D:3      | Reached skill level 1 in Charms
  1428 | D:3      | Reached skill level 1 in Summonings
  1428 | D:3      | Reached skill level 1 in Necromancy
  1428 | D:3      | Reached skill level 1 in Translocations
  1428 | D:3      | Reached skill level 1 in Transmutations
  1428 | D:3      | Reached skill level 1 in Fire Magic
  1428 | D:3      | Reached skill level 1 in Ice Magic
  1428 | D:3      | Reached skill level 1 in Air Magic
  1428 | D:3      | Reached skill level 1 in Earth Magic
  1428 | D:3      | Reached skill level 1 in Poison Magic
  1892 | D:3      | Found a stormy altar of Qazlal.
  2153 | D:4      | Found a snail-covered altar of Cheibriados.
  2164 | D:4      | Reached XP level 5. HP: 42/51 MP: 7/7
  2425 | D:4      | Found a staircase to the Ecumenical Temple.
  2439 | Temple   | Entered the Ecumenical Temple
  2471 | Temple   | Became a worshipper of Ru the Awakened
  2577 | D:5      | Entered Level 5 of the Dungeon
  2577 | D:5      | Noticed Menkaure
  2581 | D:5      | Killed Menkaure
  2581 | D:5      | Reached XP level 6. HP: 40/57 MP: 8/8
  2692 | D:5      | Reached XP level 7. HP: 26/63 MP: 10/10
  2889 | D:5      | Found a sand-covered staircase.
  3079 | Ossuary  | Entered an ossuary
  3319 | Ossuary  | HP: 1/63 [centaur zombie (4)]
  3320 | Ossuary  | Slain by a centaur zombie

Vault maps used:
D:1:      onia_arrival_handbag
D:2:      kennysheep_okawaru_gauntlet, minitemple, overflow_temple_1_default,
          uniq_robin, uniq_jessica
D:3:      grunt_qazlal_sundering, first_bread
D:4:      cheibriados_altar_1, temple_green, minmay_misc_feat_diagonals,
          nrook_mini_backslash
D:5:      trog_eyes_of_draining, nicolae_ossuary_entry_catacombs,
          kennysheep_small_square, uniq_menkaure
Temple:   nicolae_temple_figure_zero
Ossuary:  ossuary_tomb_1

Skill      XL: |  1  2  3  4  5  6  7 |
---------------+----------------------+-----
Invocations    | 1 2 |  2.8
Short Blades   | 1 2 |  2.5
Long Blades    | 1 2 |  2.5
Axes           | 1 2 |  2.5
Maces & Flails | 1 2 |  2.5
Polearms       | 1 2 |  2.5
Staves         | 1 2 |  2.5
Slings         | 1 2 |  2.5
Crossbows      | 1 2 |  2.5
Throwing       | 1 2 |  2.5
Dodging        | 1 2 |  2.5
Shields        | 1 2 |  2.5
Unarmed Combat | 1 2 |  2.5
Spellcasting   | 1 2 |  2.5
Conjurations   | 1 2 |  2.0
Hexes          | 1 2 |  2.0
Charms         | 1 2 |  2.0
Summonings     | 1 2 |  2.0
Necromancy     | 1 2 |  2.0
Translocations | 1 2 |  2.0
Transmutations | 1 2 |  2.0
Fire Magic     | 1 2 |  2.0
Ice Magic      | 1 2 |  2.0
Air Magic      | 1 2 |  2.0
Earth Magic    | 1 2 |  2.0
Poison Magic   | 1 2 |  2.0
Armour         | 3 |  3.6
Evocations     | 3 |  3.6
Stealth        | 3 |  3.5
Bows           | 7 |  7.0
Fighting       | |  8.9

Action                   |  1- 3 |  4- 6 |  7- 9 || total
-------------------------+-------+-------+-------++-------
Melee: Dagger            |    26 |       |       ||    26
       Short sword       |    30 |   117 |     1 ||   148
       Bite              |     5 |    15 |    11 ||    31
       Punch             |       |     2 |       ||     2
       Trident           |       |       |    91 ||    91
 Fire: Shortbow          |    56 |    36 |    35 ||   127
Evoke: Wand              |       |     4 |       ||     4
  Use: Potion            |       |     2 |     2 ||     4
       Scroll            |       |       |     3 ||     3
 Stab: Sleeping          |       |       |     2 ||     2
  Eat: Chunk             |     1 |     2 |       ||     3
       Royal jelly       |       |     1 |     1 ||     2
       Fruit             |       |       |     1 ||     1
Armor: Ring mail         |    13 |       |       ||    13
       Scale mail        |    11 |    59 |    35 ||   105
Dodge: Dodged            |    32 |    61 |    64 ||   157

Table legend:
 A = Spawn XP
 B = Non-spawn XP
 C = Spawn XP percentage of total XP
 D = Spawn monster count
 E = Non-spawn monster count
 F = Spawn count percentage of total count
 G = Total turns spent on level
                    A         B        C        D         E        F      G
               +---------+---------+-------+---------+---------+-------+---------
         Total |       0 |     952 |   0.0 |       0 |     110 |   0.0 |  3320
               +---------+---------+-------+---------+---------+-------+---------
           D:1 |       0 |      63 |   0.0 |       0 |      33 |   0.0 |  1184
           D:3 |       0 |      85 |   0.0 |       0 |      28 |   0.0 |   882
           D:4 |       0 |      92 |   0.0 |       0 |       6 |   0.0 |   450
           D:5 |       0 |     636 |   0.0 |       0 |      16 |   0.0 |   502
       Ossuary |       0 |      76 |   0.0 |       0 |      27 |   0.0 |   241
               +---------+---------+-------+---------+---------+-------+---------
